[ AOE2 MATCH · #458414111 ]
UnrankedVietnamese vs Maya
[ REPLAY ANALYSIS · EXTRACTED FROM THE RECORDED GAME ]
Feudal
11:30
Castle
26:50
Imperial
—
| APM avg | 46.8 |
| APM peak | 75 |
| eAPM avg | 22.1 |
| Villagers / military | 92 / 124 |
Focus
⚔️ 38.1% · 🌾 61.9%
Archer ×120 · Militia ×4
Feudal
10:20
Castle
26:55
Imperial
—
| APM avg | 31.2 |
| APM peak | 78 |
| eAPM avg | 17.5 |
| Villagers / military | 56 / 76 |
Focus
⚔️ 24.1% · 🌾 75.9%
Archer ×27 · Skirmisher ×23 · Spearman ×21 · Eagle Scout ×5
Feudal
14:55
Castle
18:53
Imperial
—
| APM avg | 12.8 |
| APM peak | 38 |
| eAPM avg | 9.3 |
| Villagers / military | 58 / 28 |
Focus
⚔️ 20.8% · 🌾 79.2%
Knight ×28
Feudal
—
Castle
—
Imperial
—
| APM avg | 39.5 |
| APM peak | 69 |
| eAPM avg | 18.2 |
| Villagers / military | 51 / 74 |
Focus
⚔️ 28.1% · 🌾 71.9%
Skirmisher ×49 · Spearman ×19 · Unknown (2550) ×9 · Archer ×4 · Battering Ram ×2
Match map
Initial resources + every placement click. Lines = walls · curves = elevation contours. ◆ gold · ⬟ stone · ● berries · ✦ relic · ◌ wall gap
Your base· Open — unwalled flank
nerko's base· Open — unwalled flank
2pacsghost's base· Open — unwalled flank
PanteraXXL4914's base· Open — 4t gap
Smoothed initial terrain · ◌ = detected wall gap · hover for details
Inputs per minute
— Helot_boy_Xeones - - nerko
Build order — Helot_boy_Xeones
First 150 of 336 actions detected
| 0:01 | Create | Villager (Male) |
| 0:01 | Create | Villager (Male) |
| 0:02 | Create | Villager (Male) |
| 0:03 | Build | House |
| 0:04 | Build | House |
| 0:12 | Create | Villager (Male) |
| 0:12 | Create | Villager (Male) |
| 1:25 | Create | Villager (Male) |
| 1:25 | Create | Villager (Male) |
| 1:48 | Build | Lumber Camp |
| 2:21 | Create | Villager (Male) |
| 2:21 | Create | Villager (Male) |
| 2:22 | Create | Villager (Male) |
| 3:29 | Create | Villager (Male) |
| 3:30 | Create | Villager (Male) |
| 3:30 | Create | Villager (Male) |
| 3:58 | Build | House |
| 4:18 | Create | Villager (Male) |
| 4:18 | Create | Villager (Male) |
| 4:30 | Build | Mill |
| 4:44 | Create | Villager (Male) |
| 4:44 | Create | Villager (Male) |
| 4:45 | Create | Villager (Male) |
| 4:45 | Create | Villager (Male) |
| 5:01 | Create | Villager (Male) |
| 5:25 | Build | House |
| 5:51 | Build | Mining Camp |
| 6:18 | Create | Villager (Male) |
| 6:18 | Create | Villager (Male) |
| 6:19 | Create | Villager (Male) |
| 6:19 | Create | Villager (Male) |
| 6:48 | Build | Mill |
| 7:35 | Create | Villager (Male) |
| 7:35 | Create | Villager (Male) |
| 8:27 | Create | Villager (Male) |
| 8:47 | Build | Barracks |
| 8:53 | Research | Loom |
| 8:54 | Research | Feudal Age |
| 9:48 | Create | Militia |
| 9:48 | Create | Militia |
| 10:17 | Build | House |
| 10:20 | Build | Palisade Wall |
| 10:22 | Build | Palisade Wall |
| 10:41 | Create | Villager (Male) |
| 11:30 | Age | Feudal Age |
| 11:57 | Build | Archery Range |
| 12:13 | Build | Archery Range |
| 12:17 | Build | Archery Range |
| 12:23 | Build | House |
| 12:29 | Build | Palisade Wall |
| 13:03 | Build | House |
| 13:04 | Build | House |
| 13:09 | Build | Palisade Wall |
| 13:11 | Build | House |
| 13:14 | Build | Palisade Wall |
| 13:16 | Create | Archer |
| 13:22 | Create | Archer |
| 13:23 | Create | Archer |
| 13:23 | Create | Villager (Male) |
| 13:34 | Build | Palisade Wall |
| 13:38 | Build | Palisade Wall |
| 13:40 | Build | Palisade Wall |
| 13:45 | Build | Palisade Wall |
| 13:47 | Build | Palisade Wall |
| 13:48 | Create | Archer |
| 13:49 | Create | Archer |
| 13:51 | Create | Villager (Male) |
| 13:57 | Research | Double-Bit Axe |
| 13:57 | Research | Horse Collar |
| 14:10 | Create | Archer |
| 14:12 | Create | Archer |
| 14:28 | Build | Blacksmith |
| 14:31 | Build | Farm |
| 14:34 | Build | Farm |
| 14:34 | Create | Villager (Male) |
| 14:56 | Build | Farm |
| 15:17 | Build | Farm |
| 15:20 | Build | Farm |
| 15:22 | Build | Farm |
| 15:25 | Create | Villager (Male) |
| 15:27 | Research | Fletching |
| 15:31 | Research | Gold Mining |
| 15:39 | Build | House |
| 15:42 | Build | Palisade Wall |
| 15:45 | Create | Villager (Male) |
| 15:47 | Build | Farm |
| 15:49 | Create | Archer |
| 15:54 | Create | Villager (Male) |
| 16:14 | Create | Archer |
| 16:20 | Create | Villager (Male) |
| 16:20 | Create | Villager (Male) |
| 16:30 | Create | Archer |
| 16:42 | Create | Villager (Male) |
| 16:49 | Build | Farm |
| 16:52 | Create | Archer |
| 16:52 | Create | Archer |
| 17:19 | Create | Militia |
| 17:19 | Create | Militia |
| 17:19 | Create | Archer |
| 17:25 | Create | Archer |
| 17:26 | Create | Archer |
| 17:26 | Create | Villager (Male) |
| 17:27 | Create | Villager (Male) |
| 17:32 | Build | Farm |
| 17:34 | Build | Farm |
| 18:10 | Create | Archer |
| 18:10 | Create | Archer |
| 18:10 | Create | Archer |
| 18:11 | Create | Villager (Male) |
| 18:12 | Create | Villager (Male) |
| 18:17 | Build | Mill |
| 18:20 | Build | Farm |
| 18:24 | Build | House |
| 18:28 | Build | Farm |
| 18:33 | Build | Lumber Camp |
| 18:33 | Create | Villager (Male) |
| 18:37 | Create | Archer |
| 18:37 | Create | Archer |
| 18:37 | Create | Archer |
| 18:55 | Build | Farm |
| 19:26 | Create | Archer |
| 19:26 | Create | Archer |
| 19:27 | Create | Archer |
| 19:30 | Create | Villager (Male) |
| 19:30 | Create | Villager (Male) |
| 19:44 | Build | Archery Range |
| 20:15 | Create | Archer |
| 20:15 | Create | Archer |
| 20:20 | Create | Villager (Male) |
| 20:20 | Create | Villager (Male) |
| 20:20 | Create | Villager (Male) |
| 20:30 | Research | Padded Archer Armor |
| 20:36 | Create | Archer |
| 20:37 | Create | Archer |
| 21:10 | Create | Villager (Male) |
| 21:15 | Research | Wheelbarrow |
| 21:17 | Create | Archer |
| 21:18 | Create | Archer |
| 21:36 | Create | Archer |
| 21:36 | Create | Archer |
| 21:37 | Create | Villager (Male) |
| 21:37 | Create | Villager (Male) |
| 21:45 | Build | Mining Camp |
| 21:49 | Build | Watch Tower |
| 21:58 | Build | House |
| 21:59 | Build | House |
| 22:02 | Build | House |
| 22:03 | Build | House |
| 22:04 | Build | House |
| 22:47 | Create | Archer |
Build order — nerko
First 150 of 208 actions detected
| 0:01 | Build | House |
| 0:02 | Build | House |
| 0:05 | Create | Villager (Male) |
| 0:06 | Create | Villager (Male) |
| 0:06 | Create | Villager (Male) |
| 0:06 | Create | Villager (Male) |
| 0:07 | Build | House |
| 1:32 | Create | Villager (Male) |
| 2:14 | Build | Lumber Camp |
| 2:16 | Create | Villager (Male) |
| 2:48 | Create | Villager (Male) |
| 3:16 | Create | Villager (Male) |
| 3:21 | Create | Villager (Male) |
| 3:51 | Create | Villager (Male) |
| 4:32 | Create | Villager (Male) |
| 4:54 | Create | Villager (Male) |
| 5:14 | Create | Villager (Male) |
| 5:25 | Create | Villager (Male) |
| 5:55 | Build | Mining Camp |
| 5:56 | Create | Villager (Male) |
| 6:14 | Create | Villager (Male) |
| 6:21 | Build | House |
| 7:07 | Create | Villager (Male) |
| 7:27 | Build | Mill |
| 7:45 | Research | Loom |
| 7:57 | Research | Feudal Age |
| 9:11 | Create | Villager (Male) |
| 9:12 | Create | Villager (Male) |
| 9:30 | Create | Villager (Male) |
| 10:20 | Age | Feudal Age |
| 10:52 | Build | Mill |
| 11:13 | Create | Villager (Male) |
| 11:13 | Research | Double-Bit Axe |
| 11:23 | Build | House |
| 11:27 | Build | House |
| 11:39 | Create | Villager (Male) |
| 11:46 | Build | Barracks |
| 12:08 | Create | Villager (Male) |
| 12:27 | Build | Archery Range |
| 12:31 | Create | Villager (Male) |
| 13:19 | Create | Villager (Male) |
| 13:20 | Create | Villager (Male) |
| 13:20 | Create | Villager (Male) |
| 13:36 | Build | Archery Range |
| 13:47 | Build | Farm |
| 13:50 | Create | Villager (Male) |
| 14:07 | Create | Archer |
| 14:07 | Create | Archer |
| 14:08 | Create | Archer |
| 14:08 | Create | Archer |
| 14:08 | Create | Archer |
| 14:08 | Create | Archer |
| 14:08 | Create | Archer |
| 14:09 | Create | Archer |
| 14:16 | Build | Farm |
| 14:38 | Build | Farm |
| 15:03 | Create | Archer |
| 15:04 | Create | Archer |
| 15:04 | Create | Archer |
| 15:07 | Build | Farm |
| 15:08 | Create | Villager (Male) |
| 15:09 | Create | Villager (Male) |
| 15:10 | Create | Villager (Male) |
| 15:16 | Build | House |
| 15:17 | Build | House |
| 15:18 | Build | House |
| 15:19 | Build | House |
| 15:57 | Create | Archer |
| 15:57 | Create | Archer |
| 15:57 | Create | Archer |
| 15:58 | Create | Archer |
| 15:58 | Create | Archer |
| 16:09 | Build | Farm |
| 16:38 | Build | Farm |
| 16:40 | Create | Villager (Male) |
| 16:40 | Create | Villager (Male) |
| 17:05 | Build | Farm |
| 17:07 | Create | Villager (Male) |
| 17:52 | Create | Archer |
| 17:52 | Create | Archer |
| 17:53 | Create | Archer |
| 17:53 | Create | Archer |
| 17:53 | Create | Archer |
| 17:53 | Create | Archer |
| 17:58 | Build | Farm |
| 18:00 | Build | Farm |
| 18:15 | Build | Barracks |
| 18:16 | Build | Barracks |
| 18:19 | Build | Farm |
| 18:21 | Create | Villager (Male) |
| 18:21 | Create | Villager (Male) |
| 18:23 | Create | Villager (Male) |
| 18:23 | Create | Villager (Male) |
| 19:25 | Create | Eagle Scout |
| 19:25 | Create | Eagle Scout |
| 19:25 | Create | Eagle Scout |
| 19:35 | Build | House |
| 19:37 | Build | House |
| 19:39 | Build | House |
| 19:43 | Build | House |
| 19:48 | Build | Palisade Wall |
| 19:51 | Build | House |
| 19:55 | Build | House |
| 19:59 | Build | Palisade Wall |
| 20:20 | Build | Barracks |
| 20:49 | Create | Eagle Scout |
| 20:49 | Create | Eagle Scout |
| 21:03 | Build | Barracks |
| 21:26 | Create | Spearman |
| 21:26 | Create | Spearman |
| 21:26 | Create | Spearman |
| 21:26 | Create | Spearman |
| 21:27 | Create | Spearman |
| 21:59 | Build | Mining Camp |
| 22:27 | Build | Palisade Wall |
| 22:56 | Create | Archer |
| 22:56 | Create | Archer |
| 22:57 | Create | Archer |
| 22:57 | Create | Archer |
| 22:57 | Create | Archer |
| 23:05 | Build | Mining Camp |
| 23:44 | Build | Blacksmith |
| 23:54 | Research | Arson |
| 24:15 | Research | Castle Age |
| 24:19 | Research | Padded Archer Armor |
| 24:29 | Create | Spearman |
| 24:29 | Create | Spearman |
| 24:29 | Create | Spearman |
| 24:29 | Create | Spearman |
| 25:35 | Create | Spearman |
| 25:35 | Create | Spearman |
| 25:35 | Create | Spearman |
| 25:36 | Create | Spearman |
| 25:36 | Create | Spearman |
| 25:36 | Create | Spearman |
| 25:37 | Create | Spearman |
| 26:14 | Research | Fletching |
| 26:34 | Create | Spearman |
| 26:34 | Create | Spearman |
| 26:34 | Create | Spearman |
| 26:34 | Create | Spearman |
| 26:35 | Create | Spearman |
| 26:55 | Age | Castle Age |
| 27:09 | Research | Pikeman (upgrade) |
| 27:21 | Create | Villager (Male) |
| 27:21 | Create | Villager (Male) |
| 27:22 | Create | Villager (Male) |
| 27:22 | Create | Villager (Male) |
| 27:22 | Create | Villager (Male) |
| 27:51 | Build | Market |
Build order — 2pacsghost
First 150 of 151 actions detected
| 0:02 | Create | Villager (Male) |
| 0:02 | Create | Villager (Male) |
| 0:02 | Create | Villager (Male) |
| 0:03 | Create | Villager (Male) |
| 0:06 | Build | House |
| 0:32 | Build | House |
| 1:20 | Research | Loom |
| 1:32 | Create | Villager (Male) |
| 2:08 | Create | Villager (Male) |
| 2:44 | Create | Villager (Male) |
| 3:02 | Create | Villager (Male) |
| 3:21 | Create | Villager (Male) |
| 3:32 | Create | Villager (Male) |
| 3:40 | Build | House |
| 4:45 | Create | Villager (Male) |
| 4:45 | Create | Villager (Male) |
| 5:17 | Build | Mill |
| 6:04 | Build | Lumber Camp |
| 6:25 | Create | Villager (Male) |
| 6:26 | Create | Villager (Male) |
| 6:26 | Create | Villager (Male) |
| 6:26 | Create | Villager (Male) |
| 6:27 | Create | Villager (Male) |
| 6:49 | Create | Villager (Male) |
| 7:25 | Build | Mill |
| 7:48 | Build | Mining Camp |
| 8:02 | Create | Villager (Male) |
| 8:12 | Build | Mining Camp |
| 8:17 | Build | House |
| 8:43 | Build | House |
| 9:09 | Create | Villager (Male) |
| 9:10 | Create | Villager (Male) |
| 9:10 | Create | Villager (Male) |
| 9:11 | Create | Villager (Male) |
| 9:11 | Create | Villager (Male) |
| 9:20 | Build | House |
| 9:56 | Build | Farm |
| 9:57 | Build | Farm |
| 9:59 | Build | Farm |
| 10:01 | Build | Farm |
| 10:02 | Build | Farm |
| 10:05 | Build | Farm |
| 10:07 | Build | Farm |
| 10:42 | Create | Villager (Male) |
| 10:42 | Create | Villager (Male) |
| 10:42 | Create | Villager (Male) |
| 12:18 | Research | Feudal Age |
| 12:42 | Build | Barracks |
| 14:55 | Age | Feudal Age |
| 15:05 | Build | Stable |
| 15:10 | Build | Blacksmith |
| 15:14 | Create | Villager (Male) |
| 15:14 | Create | Villager (Male) |
| 15:52 | Build | Watch Tower |
| 16:13 | Research | Castle Age |
| 18:53 | Age | Castle Age |
| 18:58 | Create | Knight |
| 18:58 | Create | Knight |
| 18:59 | Create | Knight |
| 19:20 | Build | Farm |
| 19:21 | Build | Farm |
| 19:23 | Build | Farm |
| 19:25 | Build | Farm |
| 19:26 | Build | Farm |
| 19:28 | Research | Horse Collar |
| 19:34 | Research | Double-Bit Axe |
| 19:37 | Research | Gold Mining |
| 19:39 | Research | Stone Mining |
| 20:34 | Create | Knight |
| 21:04 | Build | Town Center |
| 21:51 | Build | Town Center |
| 21:55 | Create | Villager (Male) |
| 21:55 | Create | Villager (Male) |
| 21:56 | Create | Villager (Male) |
| 21:56 | Create | Villager (Male) |
| 22:04 | Research | Bloodlines |
| 22:32 | Build | Farm |
| 23:09 | Create | Knight |
| 23:09 | Create | Knight |
| 23:53 | Research | Wheelbarrow |
| 23:58 | Create | Knight |
| 23:59 | Create | Knight |
| 24:11 | Create | Villager (Male) |
| 24:11 | Create | Villager (Male) |
| 24:11 | Create | Villager (Male) |
| 25:33 | Create | Knight |
| 25:33 | Create | Knight |
| 25:34 | Create | Knight |
| 26:28 | Research | Hand Cart |
| 26:44 | Build | Stable |
| 26:44 | Build | Stable |
| 27:30 | Create | Villager (Male) |
| 27:30 | Create | Villager (Male) |
| 27:30 | Create | Villager (Male) |
| 27:31 | Create | Villager (Male) |
| 27:31 | Create | Villager (Male) |
| 27:31 | Create | Villager (Male) |
| 27:31 | Create | Villager (Male) |
| 28:02 | Create | Knight |
| 28:49 | Create | Villager (Male) |
| 28:50 | Create | Villager (Male) |
| 28:50 | Create | Villager (Male) |
| 28:50 | Create | Villager (Male) |
| 28:57 | Build | House |
| 28:58 | Build | House |
| 29:00 | Build | House |
| 29:10 | Research | Stone Shaft Mining |
| 29:21 | Create | Knight |
| 30:42 | Build | Castle |
| 31:34 | Create | Villager (Male) |
| 31:34 | Create | Villager (Male) |
| 31:57 | Build | Town Center |
| 32:02 | Create | Knight |
| 32:02 | Create | Knight |
| 32:03 | Create | Knight |
| 32:03 | Create | Knight |
| 32:03 | Create | Knight |
| 32:10 | Research | Scale Barding Armor |
| 32:26 | Build | Farm |
| 32:27 | Build | Farm |
| 32:29 | Build | Farm |
| 32:33 | Create | Villager (Male) |
| 32:33 | Create | Villager (Male) |
| 32:34 | Create | Villager (Male) |
| 32:34 | Create | Villager (Male) |
| 32:34 | Create | Villager (Male) |
| 32:35 | Create | Villager (Male) |
| 33:18 | Create | Knight |
| 33:19 | Create | Knight |
| 33:22 | Create | Knight |
| 33:22 | Create | Knight |
| 33:33 | Create | Villager (Male) |
| 33:33 | Create | Villager (Male) |
| 33:33 | Create | Villager (Male) |
| 34:02 | Build | Farm |
| 34:17 | Create | Knight |
| 34:17 | Create | Knight |
| 34:20 | Create | Knight |
| 35:15 | Build | House |
| 35:15 | Build | House |
| 35:16 | Build | House |
| 35:16 | Build | House |
| 35:16 | Build | House |
| 35:18 | Build | House |
| 35:46 | Research | Forging |
| 35:50 | Research | Heavy Plow |
| 35:55 | Research | Bow Saw |
| 36:08 | Create | Knight |
| 36:09 | Create | Knight |
| 36:09 | Create | Knight |
Build order — PanteraXXL4914
First 150 of 198 actions detected
| 0:02 | Build | House |
| 0:04 | Build | House |
| 0:04 | Create | Villager (Male) |
| 0:05 | Create | Villager (Male) |
| 0:15 | Create | Villager (Male) |
| 0:43 | Create | Villager (Male) |
| 1:36 | Create | Villager (Male) |
| 1:55 | Build | Settlement |
| 1:59 | Create | Villager (Male) |
| 2:19 | Create | Villager (Male) |
| 2:52 | Create | Villager (Male) |
| 3:28 | Create | Villager (Male) |
| 4:19 | Create | Villager (Male) |
| 4:20 | Create | Villager (Male) |
| 4:55 | Create | Villager (Male) |
| 5:25 | Build | Palisade Wall |
| 5:31 | Create | Villager (Male) |
| 6:05 | Build | Settlement |
| 6:10 | Create | Villager (Male) |
| 6:22 | Create | Villager (Male) |
| 6:30 | Build | House |
| 6:58 | Build | Barracks |
| 7:00 | Create | Villager (Male) |
| 7:23 | Create | Villager (Male) |
| 7:58 | Create | Villager (Male) |
| 8:32 | Research | Loom |
| 8:38 | Research | Feudal Age |
| 8:44 | Create | Unit 2550 |
| 9:33 | Create | Unit 2550 |
| 9:33 | Create | Unit 2550 |
| 9:44 | Create | Unit 2550 |
| 9:59 | Build | Settlement |
| 10:03 | Create | Villager (Male) |
| 10:03 | Create | Villager (Male) |
| 10:09 | Build | House |
| 10:11 | Build | House |
| 10:16 | Build | Palisade Wall |
| 10:28 | Build | Farm |
| 10:32 | Build | Farm |
| 10:32 | Create | Villager (Male) |
| 10:57 | Create | Unit 2550 |
| 12:10 | Create | Unit 2550 |
| 13:05 | Build | House |
| 13:05 | Build | House |
| 13:05 | Create | Villager (Male) |
| 13:05 | Create | Villager (Male) |
| 13:05 | Create | Villager (Male) |
| 13:05 | Research | Double-Bit Axe |
| 13:07 | Create | Villager (Male) |
| 13:07 | Create | Villager (Male) |
| 13:09 | Build | House |
| 13:30 | Research | Tech 1402 |
| 14:20 | Build | Farm |
| 14:23 | Build | Farm |
| 14:27 | Build | House |
| 14:31 | Build | Archery Range |
| 14:39 | Research | Gold Mining |
| 14:40 | Research | Horse Collar |
| 14:42 | Create | Spearman |
| 14:42 | Create | Spearman |
| 14:43 | Create | Spearman |
| 14:47 | Build | Farm |
| 14:50 | Build | Farm |
| 14:53 | Create | Villager (Male) |
| 14:53 | Create | Villager (Male) |
| 14:53 | Create | Villager (Male) |
| 14:59 | Build | Farm |
| 15:23 | Build | Farm |
| 15:24 | Create | Villager (Male) |
| 16:49 | Create | Villager (Male) |
| 16:49 | Create | Villager (Male) |
| 16:55 | Build | Farm |
| 16:57 | Create | Archer |
| 16:57 | Create | Archer |
| 16:59 | Create | Skirmisher |
| 17:00 | Create | Skirmisher |
| 17:05 | Create | Skirmisher |
| 17:16 | Create | Spearman |
| 18:21 | Build | Palisade Wall |
| 18:27 | Build | Blacksmith |
| 18:31 | Build | Market |
| 18:33 | Create | Skirmisher |
| 18:33 | Create | Skirmisher |
| 18:34 | Create | Archer |
| 18:35 | Create | Unit 2550 |
| 18:35 | Create | Unit 2550 |
| 18:39 | Create | Spearman |
| 18:47 | Build | Settlement |
| 18:56 | Build | House |
| 19:00 | Create | Villager (Male) |
| 19:01 | Create | Villager (Male) |
| 19:09 | Create | Archer |
| 19:11 | Research | Scale Mail Armor |
| 19:14 | Research | Fletching |
| 19:15 | Research | Padded Archer Armor |
| 19:20 | Create | Skirmisher |
| 19:24 | Create | Unit 2550 |
| 19:31 | Build | Farm |
| 19:35 | Build | Farm |
| 19:38 | Create | Villager (Male) |
| 20:22 | Create | Skirmisher |
| 20:31 | Create | Spearman |
| 20:32 | Create | Skirmisher |
| 20:34 | Create | Spearman |
| 20:34 | Create | Skirmisher |
| 20:47 | Create | Skirmisher |
| 20:47 | Create | Spearman |
| 20:49 | Create | Skirmisher |
| 20:54 | Create | Skirmisher |
| 21:24 | Build | Palisade Wall |
| 22:01 | Create | Skirmisher |
| 22:03 | Create | Skirmisher |
| 22:34 | Create | Spearman |
| 22:35 | Create | Skirmisher |
| 22:39 | Create | Skirmisher |
| 22:50 | Build | Farm |
| 22:54 | Build | Settlement |
| 23:28 | Build | Archery Range |
| 24:04 | Create | Skirmisher |
| 24:04 | Create | Skirmisher |
| 24:04 | Create | Skirmisher |
| 24:07 | Create | Spearman |
| 24:07 | Create | Spearman |
| 24:08 | Create | Skirmisher |
| 24:14 | Build | Archery Range |
| 24:15 | Build | Barracks |
| 24:41 | Build | Farm |
| 24:44 | Build | Farm |
| 25:01 | Research | Castle Age |
| 26:21 | Build | Archery Range |
| 26:38 | Create | Spearman |
| 26:39 | Create | Spearman |
| 26:39 | Create | Spearman |
| 26:44 | Research | Forging |
| 26:46 | Create | Spearman |
| 26:46 | Create | Spearman |
| 26:52 | Create | Villager (Male) |
| 26:53 | Create | Villager (Male) |
| 27:57 | Build | Siege Workshop |
| 28:34 | Create | Battering Ram |
| 28:34 | Create | Battering Ram |
| 28:36 | Create | Skirmisher |
| 28:37 | Create | Skirmisher |
| 28:37 | Create | Skirmisher |
| 28:37 | Create | Skirmisher |
| 29:04 | Create | Villager (Male) |
| 29:04 | Create | Villager (Male) |
| 29:05 | Create | Villager (Male) |
| 29:05 | Create | Villager (Male) |
| 29:10 | Create | Villager (Male) |
Match timeline
| 5:25 | PanteraXXL4914 · wall_segment Palisade Wall x5 |
| 6:58 | PanteraXXL4914 · first_building Barracks |
| 8:47 | Helot_boy_Xeones · first_building Barracks |
| 10:16 | PanteraXXL4914 · wall_segment Palisade Wall x1 |
| 10:20 | Helot_boy_Xeones · wall_segment Palisade Wall x1 |
| 10:20 | nerko · age_up feudal |
| 10:22 | Helot_boy_Xeones · wall_segment Palisade Wall x1 |
| 11:30 | Helot_boy_Xeones · age_up feudal |
| 11:46 | nerko · first_building Barracks |
| 11:57 | Helot_boy_Xeones · first_building Archery Range |
| 12:27 | nerko · first_building Archery Range |
| 12:29 | Helot_boy_Xeones · wall_segment Palisade Wall x1 |
| 12:42 | 2pacsghost · first_building Barracks |
| 13:09 | Helot_boy_Xeones · wall_segment Palisade Wall x1 |
| 13:14 | Helot_boy_Xeones · wall_segment Palisade Wall x1 |
| 13:34 | Helot_boy_Xeones · wall_segment Palisade Wall x1 |
| 13:38 | Helot_boy_Xeones · wall_segment Palisade Wall x1 |
| 13:40 | Helot_boy_Xeones · wall_segment Palisade Wall x1 |
| 13:45 | Helot_boy_Xeones · wall_segment Palisade Wall x1 |
| 13:47 | Helot_boy_Xeones · wall_segment Palisade Wall x1 |
| 14:31 | PanteraXXL4914 · first_building Archery Range |
| 14:55 | 2pacsghost · age_up feudal |
| 15:05 | 2pacsghost · first_building Stable |
| 15:42 | Helot_boy_Xeones · wall_segment Palisade Wall x1 |
| 18:21 | PanteraXXL4914 · wall_segment Palisade Wall x14 |
| 18:53 | 2pacsghost · age_up castle |
| 19:48 | nerko · wall_segment Palisade Wall x1 |
| 19:59 | nerko · wall_segment Palisade Wall x1 |
| 21:24 | PanteraXXL4914 · wall_segment Palisade Wall x10 |
| 22:27 | nerko · wall_segment Palisade Wall x9 |
| 23:05 | Helot_boy_Xeones · wall_segment Palisade Wall x3 |
| 26:05 | Helot_boy_Xeones · first_market_sell 100 food |
| 26:50 | Helot_boy_Xeones · age_up castle |
| 26:55 | nerko · age_up castle |
| 27:57 | PanteraXXL4914 · first_building Siege Workshop |
| 28:31 | nerko · first_market_buy 100 wood |
| 29:00 | nerko · first_building Castle |
| 30:42 | 2pacsghost · first_building Castle |
| 30:50 | PanteraXXL4914 · first_market_buy 100 wood |
| 35:03 | Helot_boy_Xeones · first_building Siege Workshop |
| 36:38 | Helot_boy_Xeones · first_building Monastery |
| 37:54 | PanteraXXL4914 · first_building Castle |
| 38:07 | nerko · resign |
[ AI ANALYSIS · 1 CREDIT ]
What really happened in this match?
Wolo.gg analyzes every decision: build order, eco, micro, common mistakes by bracket. Personalized analysis on WhatsApp or Discord in 30 seconds.
Civ guide
Vietnamese
Perfil
Jugador #779082